[Event "Vojvodina Open 2024-A 2024"]
[Site "Novi Sad"]
[Date "2024.06.29"]
[Round "7.16"]
[White "Rindhiya V"]
[Black "Anakok, Deniz"]
[Result "0-1"]
[ECO "C73"]
[WhiteElo "1965"]
[BlackElo "1819"]
[Annotator "NA RC"]
[PlyCount "89"]
[EventDate "2024.06.03"]
[EventType "swiss"]
[EventCountry "SRB"]
[SourceTitle "playchess.com"]
[Source "ChessBase"]
[SourceQuality "1"]
[TimeControl "40/5400+30:900+30"]

1. e4 e5 2. Nf3 Nc6 3. Bb5 a6 4. Ba4 d6 5. Bxc6+ bxc6 6. d4 exd4 7. Qxd4 Nf6 {[%emt 0:09:29] is now debated instead of 7...c5. C73: Ruy Lopez: Deferred Steinitz: 5 Bxc6+.} 8. e5 c5 9. Qd3 dxe5 10. Qxd8+ Kxd8 11. Nxe5 Be6 12. Nc3 Bd6 13. Nd3 c4 $146 ({Predecessor:} 13... Re8 14. O-O Rb8 15. b3 c4 16. Nf4 Bf5 17. bxc4 Ne4 18. Rb1 Rxb1 19. Nxb1 Nc5 20. Nc3 Bxc2 21. Be3 {½-½ Huang,R (2446)-Xu,Z (2489) CHN-chT Div-A Rapid 2022 (5.5)}) 14. Nf4 Bf5 15. Be3 Bxc2 16. Rc1 Bf5 17. Nd1 Re8 18. Rxc4 Ng4 19. O-O g5 20. Nd5 Nxe3 21. N1xe3 Bd3 22. Rd1 Bxc4 23. Nxc4 Re6 24. f4 gxf4 25. b3 f3 26. gxf3 Kd7 27. Rd2 Rg8+ 28. Kf1 Kc8 29. Nxd6+ cxd6 30. Rc2+ Kb8 31. Nc7 Rf6 32. Nxa6+ Kb7 33. Nb4 Rxf3+ 34. Ke1 Rg4 35. Nd5 Re4+ 36. Re2 Rxe2+ 37. Kxe2 Rh3 38. Nb4 Rxh2+ (38... h5 $142 39. Kf2 Rh4 (39... Rxh2+ $2 40. Kf3 $19)) 39. Kd3 $19 h5 40. a4 h4 41. a5 h3 42. a6+ Ka7 43. Kc4 Rc2+ 44. Nxc2 h2 45. Kd4 0-1